BR
ROY EAGLE SQUADRON @ WESLACO CHIEFS
08/22/2026
 
TOP OF THE 1ST
Roy Eagle Squadron batting - Pitching for Weslaco Chiefs : RHP Pablo Lima
Pitching: RHP Pablo Lima
Batting: LHB Kelsey Scott 0-0: Called Strike
0-1: Foul Ball, location: 2F
0-2: Ball
1-2: Strikes out swinging
Batting: RHB José Vidal 0-0: Ball
1-0: Ground out 6-3 (Groundball, 6M)
Batting: RHB Tony Hernández 0-0: Called Strike
0-1: Swinging Strike
0-2: Strikes out swinging
Top of the 1st over - 0 run(s), 0 hit(s), 0 error(s), 0 left on base; Roy 0 - Weslaco 0
BOTTOM OF THE 1ST
Weslaco Chiefs batting - Pitching for Roy Eagle Squadron : RHP Terence Wilson
Pitching: RHP Terence Wilson
Batting: LHB Alberto Varela 0-0: Ball
1-0: Ball
2-0: Fly out, F8 (Flyball, 8LM)
Batting: RHB António Martínez 0-0: Ball
1-0: Ball
2-0: DOUBLE (Line Drive, 4M)
Batting: LHB Jeff Forsyth 0-0: Called Strike
0-1: Ball
1-1: Ball
2-1: Ball
3-1: 2-RUN HOME RUN (Flyball, 7D), Distance : 388 ft
Batting: RHB Germán Romero 0-0: Fly out, F9 (Flyball, 9LSF)
Batting: LHB Ralph Cobb 0-0: Called Strike
0-1: Fly out, F9 (Flyball, 89S)
Bottom of the 1st over - 2 run(s), 2 hit(s), 0 error(s), 0 left on base; Roy 0 - Weslaco 2
TOP OF THE 2ND
Roy Eagle Squadron batting - Pitching for Weslaco Chiefs : RHP Pablo Lima
Batting: LHB Carlos Valentín 0-0: Ball
1-0: Ball
2-0: Called Strike
2-1: Ball
3-1: Ground out 4-3 (Groundball, 4)
Batting: SHB Fernando Borges 0-0: Ball
1-0: Ball
2-0: Ball
3-0: Called Strike
3-1: SOLO HOME RUN (Flyball, 89XD), Distance : 410 ft
Batting: RHB Ben Ware 0-0: Called Strike
0-1: Foul Ball, location: 2F
0-2: Strikes out swinging
Batting: RHB Ken Miller 0-0: Ball
1-0: SINGLE (Flyball, 4MD)
Batting: RHB Chad Battle 0-0: Called Strike
0-1: Foul Ball, location: 2F
0-2: Ball
1-2: Ball
2-2: Ball
3-2: Base on Balls
Ken Miller to second
Batting: RHB Oliver Sánchez 0-0: Swinging Strike
0-1: Called Strike
0-2: Ball
1-2: Foul Ball, location: 2F
1-2: Ball
2-2: Ball
3-2: Strikes out looking
Top of the 2nd over - 1 run(s), 2 hit(s), 0 error(s), 2 left on base; Roy 1 - Weslaco 2
BOTTOM OF THE 2ND
Weslaco Chiefs batting - Pitching for Roy Eagle Squadron : RHP Terence Wilson
Batting: RHB Jorge Longoria 0-0: Called Strike
0-1: Foul Ball, location: 2F
0-2: Strikes out looking
Batting: LHB Ángelo Lara 0-0: Foul Ball, location: 2F
0-1: Ball
1-1: Swinging Strike
1-2: Foul Ball, location: 2F
1-2: Fly out, F8 (Flyball, 78M)
Batting: RHB Carlos Miranda 0-0: Ball
1-0: Called Strike
1-1: Ball
2-1: Called Strike
2-2: Foul Ball, location: 2F
2-2: Ball
3-2: Base on Balls
Batting: RHB Ron Newcombe 0-0: Ball
Carlos Miranda steals 2nd base
1-0: DOUBLE (Flyball, 89M)
Carlos Miranda scores
Batting: LHB Alberto Varela 0-0: Called Strike
0-1: Swinging Strike
0-2: Fly out, F7 (Flyball, 78M)
Bottom of the 2nd over - 1 run(s), 1 hit(s), 0 error(s), 1 left on base; Roy 1 - Weslaco 3
TOP OF THE 3RD
Roy Eagle Squadron batting - Pitching for Weslaco Chiefs : RHP Pablo Lima
Batting: LHB Kelsey Scott 0-0: Foul Ball, location: 2F
0-1: Ball
1-1: Ground out 4-3 (Groundball, 4)
Batting: RHB José Vidal 0-0: Ball
1-0: Called Strike
1-1: Ball
2-1: Fly out, F4 (Popup, 4M)
Batting: RHB Tony Hernández 0-0: Ball
1-0: Foul Ball, location: 2F
1-1: Ball
2-1: DOUBLE (Line Drive, 78M)
Batting: LHB Carlos Valentín 0-0: Ball
1-0: Swinging Strike
1-1: Foul Ball, location: 2F
1-2: Strikes out looking
Top of the 3rd over - 0 run(s), 1 hit(s), 0 error(s), 1 left on base; Roy 1 - Weslaco 3
BOTTOM OF THE 3RD
Weslaco Chiefs batting - Pitching for Roy Eagle Squadron : RHP Terence Wilson
Batting: RHB António Martínez 0-0: Swinging Strike
0-1: Swinging Strike
0-2: Ball
1-2: Strikes out looking
Batting: LHB Jeff Forsyth 0-0: Ball
1-0: Ball
2-0: Swinging Strike
2-1: Ball
3-1: Called Strike
3-2: Foul Ball, location: 2F
3-2: Strikes out swinging
Batting: RHB Germán Romero 0-0: Ball
1-0: Ball
2-0: Foul Ball, location: 2F
2-1: SINGLE (Line Drive, 6M)
Batting: LHB Ralph Cobb 0-0: Called Strike
0-1: Swinging Strike
0-2: Fly out, F8 (Line Drive, 8LS)
Bottom of the 3rd over - 0 run(s), 1 hit(s), 0 error(s), 1 left on base; Roy 1 - Weslaco 3
TOP OF THE 4TH
Roy Eagle Squadron batting - Pitching for Weslaco Chiefs : RHP Pablo Lima
Batting: SHB Fernando Borges 0-0: Swinging Strike
0-1: SINGLE (Groundball, 4MD)
Batting: RHB Ben Ware 0-0: Foul Ball, location: 2F
0-1: Fly out, F8 (Flyball, 78D)
Batting: RHB Ken Miller 0-0: Called Strike
0-1: Ball
1-1: Foul Ball, location: 2F
1-2: Strikes out looking
Batting: RHB Chad Battle 0-0: Ball
1-0: Called Strike
Fernando Borges is caught stealing 2nd base
Top of the 4th over - 0 run(s), 1 hit(s), 0 error(s), 0 left on base; Roy 1 - Weslaco 3
BOTTOM OF THE 4TH
Weslaco Chiefs batting - Pitching for Roy Eagle Squadron : RHP Terence Wilson
Batting: RHB Jorge Longoria 0-0: Called Strike
0-1: Foul Ball, location: 2F
0-2: Ball
1-2: Strikes out swinging
Batting: LHB Ángelo Lara 0-0: Foul Ball, location: 2F
0-1: Ball
1-1: Foul Ball, location: 2F
1-2: Ball
2-2: Ball
3-2: Foul Ball, location: 2F
3-2: Strikes out looking
Batting: RHB Carlos Miranda 0-0: Called Strike
0-1: Ball
1-1: Foul Ball, location: 2F
1-2: Ball
2-2: Ball
3-2: Reached on Error, E7 (Flyball, 7M)
Batting: RHB Ron Newcombe 0-0: Called Strike
0-1: Ground out 5-3 (Groundball, 5S)
Bottom of the 4th over - 0 run(s), 0 hit(s), 1 error(s), 1 left on base; Roy 1 - Weslaco 3
TOP OF THE 5TH
Roy Eagle Squadron batting - Pitching for Weslaco Chiefs : RHP Pablo Lima
Batting: RHB Chad Battle 0-0: Called Strike
0-1: Ball
1-1: Swinging Strike
1-2: Ball
2-2: Strikes out swinging
Batting: RHB Oliver Sánchez 0-0: Ball
1-0: Foul Ball, location: 2F
1-1: Bunt for hit - play at first, batter OUT! 5-3
Batting: LHB Kelsey Scott 0-0: Ball
1-0: Ball
2-0: Ball
3-0: Base on Balls
Batting: RHB José Vidal 0-0: Ball
1-0: Called Strike
1-1: Foul Ball, location: 2F
1-2: Ball
2-2: Strikes out swinging
Top of the 5th over - 0 run(s), 0 hit(s), 0 error(s), 1 left on base; Roy 1 - Weslaco 3
BOTTOM OF THE 5TH
Weslaco Chiefs batting - Pitching for Roy Eagle Squadron : RHP Terence Wilson
Batting: LHB Alberto Varela 0-0: Ball
1-0: Foul Ball, location: 2F
1-1: Ball
2-1: Foul Ball, location: 2F
2-2: Ball
3-2: SINGLE (Groundball, 34D) (infield hit)
Batting: RHB António Martínez 0-0: Ball
1-0: SINGLE (Groundball, 6MD)
Alberto Varela to second
Batting: LHB Jeff Forsyth 0-0: Ball
Throwing error on steal attempt, E2
Alberto Varela scores
António Martínez to third
1-0: Ball
2-0: Fly out, F9 (Flyball, 89D)
Runner from 3rd tags up, SCORES, no throw
Pitching: RHP Alan Mayes
Batting: RHB Germán Romero 0-0: Foul Ball, location: 2F
0-1: Ball
1-1: Foul Ball, location: 2F
1-2: Ball
2-2: Ground out 1-3 (Groundball, 15)
Batting: LHB Ralph Cobb 0-0: Ball
1-0: Ball
2-0: Called Strike
2-1: Ball
3-1: Base on Balls
Batting: RHB Jorge Longoria 0-0: Ball
Ralph Cobb steals 2nd base
1-0: Ball
2-0: Foul Ball, location: 2F
2-1: Foul Ball, location: 2F
2-2: Ball
3-2: Base on Balls
Batting: LHB Ángelo Lara 0-0: Called Strike
0-1: Ball
1-1: Ball
2-1: Foul Ball, location: 2F
2-2: Ball
3-2: Strikes out swinging
Bottom of the 5th over - 2 run(s), 2 hit(s), 1 error(s), 2 left on base; Roy 1 - Weslaco 5
TOP OF THE 6TH
Roy Eagle Squadron batting - Pitching for Weslaco Chiefs : RHP Pablo Lima
Batting: RHB Tony Hernández 0-0: Ball
1-0: Swinging Strike
1-1: Ground out 6-3 (Groundball, 6)
Pitching: RHP Nicholas Becker
Batting: LHB Carlos Valentín 0-0: Called Strike
0-1: Ball
1-1: Foul Ball, location: 2F
1-2: Strikes out looking
Batting: SHB Fernando Borges 0-0: Ball
1-0: Called Strike
1-1: Ball
2-1: Swinging Strike
2-2: Foul Ball, location: 2F
2-2: Foul Ball, location: 2F
2-2: Foul Ball, location: 2F
2-2: SINGLE (Line Drive, 7LS)
Batting: RHB Ben Ware 0-0: Called Strike
0-1: Swinging Strike
0-2: Ball
1-2: Strikes out looking
Top of the 6th over - 0 run(s), 1 hit(s), 0 error(s), 1 left on base; Roy 1 - Weslaco 5
BOTTOM OF THE 6TH
Weslaco Chiefs batting - Pitching for Roy Eagle Squadron : RHP Alan Mayes
Batting: RHB Carlos Miranda 0-0: Ball
1-0: Called Strike
1-1: Ground out 1-3 (Groundball, 25)
Batting: RHB Ron Newcombe 0-0: Foul Ball, location: 2F
0-1: Fly out, F9 (Flyball, 9LMF)
Batting: LHB Alberto Varela 0-0: Foul Ball, location: 2F
0-1: Ball
1-1: Foul Ball, location: 2F
1-2: Ball
2-2: SINGLE (Groundball, 4M)
Batting: RHB António Martínez 0-0: Ball
1-0: Ball
2-0: DOUBLE (Line Drive, 7LM)
Alberto Varela to third
Batting: LHB Jeff Forsyth 0-0: Called Strike
0-1: Foul Ball, location: 2F
0-2: Foul Ball, location: 2F
0-2: Foul Ball, location: 2F
0-2: Ball
1-2: Ground out U3 (Groundball, 3)
Bottom of the 6th over - 0 run(s), 2 hit(s), 0 error(s), 2 left on base; Roy 1 - Weslaco 5
TOP OF THE 7TH
Roy Eagle Squadron batting - Pitching for Weslaco Chiefs : RHP Nicholas Becker
Batting: RHB Ken Miller 0-0: Called Strike
0-1: Fly out, F6 (Popup, 5DF)
Batting: RHB Chad Battle 0-0: Called Strike
0-1: Foul Ball, location: 2F
0-2: Ball
1-2: Strikes out swinging
Batting: RHB Oliver Sánchez 0-0: Called Strike
0-1: Ball
1-1: Foul Ball, location: 2F
1-2: Hit by Pitch
Batting: LHB Kelsey Scott 0-0: Ball
Oliver Sánchez is caught stealing 2nd base
Top of the 7th over - 0 run(s), 0 hit(s), 0 error(s), 0 left on base; Roy 1 - Weslaco 5
BOTTOM OF THE 7TH
Weslaco Chiefs batting - Pitching for Roy Eagle Squadron : RHP Alan Mayes
Batting: RHB Germán Romero 0-0: Ball
1-0: Ball
2-0: Ball
3-0: Base on Balls
Batting: LHB Ralph Cobb 0-0: Called Strike
0-1: Foul Ball, location: 2F
0-2: Ball
1-2: Ball
2-2: Strikes out swinging
Pitching: RHP Elijah Justice
Batting: RHB Jorge Longoria 0-0: Fielders Choice at 2nd, 6-4 (Groundball, 6M)
Batting: LHB Ángelo Lara 0-0: Ball
1-0: Ball
2-0: Fly out, F4 (Popup, 3D)
Bottom of the 7th over - 0 run(s), 0 hit(s), 0 error(s), 1 left on base; Roy 1 - Weslaco 5
TOP OF THE 8TH
Roy Eagle Squadron batting - Pitching for Weslaco Chiefs : RHP Nicholas Becker
Batting: LHB Kelsey Scott 0-0: Ball
1-0: Called Strike
1-1: Fly out, F6 (Popup, 6MD)
Pitching: LHP Gregory Thompson
Batting: RHB José Vidal 0-0: Ball
1-0: Called Strike
1-1: Swinging Strike
1-2: Ball
2-2: Ball
3-2: Fly out, F7 (Flyball, 78D)
Batting: RHB Tony Hernández 0-0: Swinging Strike
0-1: Swinging Strike
0-2: Ball
1-2: Strikes out swinging
Top of the 8th over - 0 run(s), 0 hit(s), 0 error(s), 0 left on base; Roy 1 - Weslaco 5
BOTTOM OF THE 8TH
Weslaco Chiefs batting - Pitching for Roy Eagle Squadron : RHP Elijah Justice
Batting: RHB Carlos Miranda 0-0: Ball
1-0: Foul Ball, location: 2F
1-1: Fly out, F9 (Flyball, 8RM)
Batting: RHB Ron Newcombe 0-0: Ground out 6-3 (Groundball, 6)
Batting: LHB Alberto Varela 0-0: Ball
1-0: Swinging Strike
1-1: Foul Ball, location: 2F
1-2: Ball
2-2: Foul Ball, location: 2F
2-2: Strikes out swinging
Bottom of the 8th over - 0 run(s), 0 hit(s), 0 error(s), 0 left on base; Roy 1 - Weslaco 5
TOP OF THE 9TH
Roy Eagle Squadron batting - Pitching for Weslaco Chiefs : LHP Gregory Thompson
Batting: LHB Carlos Valentín 0-0: Called Strike
0-1: Ball
1-1: Called Strike
1-2: Strikes out swinging
Batting: SHB Fernando Borges 0-0: Foul Ball, location: 2F
0-1: Ball
1-1: Called Strike
1-2: Ball
2-2: Ground out 5-3 (Groundball, 5)
Batting: RHB Ben Ware 0-0: Foul Ball, location: 2F
0-1: Ground out 6-3 (Groundball, 6)
Top of the 9th over - 0 run(s), 0 hit(s), 0 error(s), 0 left on base; Roy 1 - Weslaco 5
Monday, December 5th, 2016 - OOTP Baseball 17.12 Build 75